 Dungeon Crawl Stone Soup version 0.29.1-15-g9cfb28693d (webtiles) character file.

Game seed: 2637357305880779829

93 Smoke131 the Firebug (level 4, -2/35 HPs)
             Began as a Draconian Fire Elementalist on Feb 21, 2023.
             Slain by a goblin
             ... wielding a +0 club
             ... led by Robin
              (5 damage)
             ... on level 3 of the Dungeon.
             The game lasted 00:06:17 (2781 turns).

Smoke131 the Firebug (Draconian Fire Elementalist)  Turns: 2781, Time: 00:06:17

Health: -2/35      AC:  6    Str: 10    XL:     4   Next: 36%
Magic:  7/7        EV: 12    Int: 17    God:
Gold:   212        SH:  0    Dex: 12    Spells: 2/8 levels left

rFire   . . .      SeeInvis .   q - +1 whip (pain)
rCold   . . .      Faith    .   (no shield)
rNeg    . . .      Spirit   .   (body armour unavailable)
rPois   .          Reflect  .   (helmet restricted)
rElec   .          Harm     .   (no cloak)
rCorr   .          Rampage  .   i - +0 pair of gloves
Will    .....                   (no boots)
Stlth   ++........              (no amulet)
HPRegen 0.11/turn               (no ring)
MPRegen 0.10/turn               (no ring)

@: no status effects
A: AC +5, unfitting armour, cold-blooded, MP-powered wands
a: no special abilities


You were on level 3 of the Dungeon.
You visited 1 branch of the dungeon, and saw 3 of its levels.

You collected 212 gold pieces.

Inventory:

Hand Weapons
 q - a +1 whip of pain (weapon)
Armour
 i - a +0 pair of gloves (worn)
Jewellery
 l - a +6 ring of dexterity
Wands
 k - a wand of polymorph (8)
Scrolls
 d - a scroll of immolation {unknown}
 f - a scroll of poison {unknown}
 h - a scroll of fear {unknown}
 m - a scroll of identify
Potions
 a - a potion of magic
 b - a potion of mutation
 c - a potion of curing
 e - a potion of lignification {unknown}
 g - a potion of flight {unknown}
 j - a potion of ambrosia {unknown}
 n - a potion of degeneration {unknown}
 o - a potion of attraction {unknown}
 p - a potion of resistance {unknown}


   Skills:
 + Level 1.6 Fighting
 + Level 2.5 Dodging
 - Level 1.7 Stealth
 + Level 2.5 Spellcasting
 + Level 2.0 Conjurations
 + Level 3.5 Fire Magic


You had 2 spell levels left.
You knew the following spells:

 Your Spells              Type           Power      Damage    Failure   Level
a - Foxfire               Conj/Fire      44%        2x1d6     6%          1
b - Scorch                Fire           28%        2d6       6%          2
c - Conjure Flame         Conj/Fire      11%        6-21      17%         3

Your spell library contained the following spells:

 Spells                   Type           Power      Damage    Failure   Level
 Inner Flame              Hex/Fire       8%         N/A       26%         3
 Flame Wave               Conj/Fire      11%        2d6       50%         4


Dungeon Overview and Level Annotations

Branches:
Dungeon (3/15)

Altars:

Annotations:
D:3 Robin


Innate Abilities, Weirdness & Mutations

Your plain brown scales are hard. (AC +5)
You cannot fit into any form of body armour.
You are cold-blooded and may be slowed by cold attacks.
You expend magic power (3 MP) to strengthen your wands.


Message History

The goblin hits you with a +0 club. The goblin misses you.
The goblin hits you with a +0 club.
* * * LOW HITPOINT WARNING * * *
As you read the scroll labelled YZXIYV TU UKKE, it crumbles to dust.
It is a scroll of identify.
c - 3 potions of curing The jackal misses you.
The goblin hits you with a +0 club.
* * * LOW HITPOINT WARNING * * *
The goblin barely misses you. The goblin hits you with a +0 club.
* * * LOW HITPOINT WARNING * * *
You feel better.
The jackal bites you but does no damage.
The goblin barely misses you. The goblin misses you.
The goblin completely misses you. The jackal barely misses you.
You closely miss the goblin.
The goblin is severely wounded.
The hobgoblin no longer looks unusually strong.
The jackal barely misses you. The goblin hits you with a +0 club.
* * * LOW HITPOINT WARNING * * *
The goblin hits you but does no damage. The goblin barely misses you.
You feel better.
The hobgoblin no longer looks unusually strong.
The jackal bites you but does no damage.
The goblin barely misses you. The goblin hits you with a +0 club.
The goblin hits you but does no damage. The jackal bites you.
* * * LOW HITPOINT WARNING * * *
You barely miss the goblin.
Your tail-slap misses the goblin.
The goblin is moderately wounded.
The jackal closely misses you.
Robin roars a battlecry!
The hobgoblins go into a battle-frenzy!
The goblin hits you but does no damage. The goblin hits you with a +0 club.
* * * LOW HITPOINT WARNING * * *
The goblin hits you with a +0 club.
* * * LOW HITPOINT WARNING * * *
It was a potion of mutation.
You feel extremely strange.
You feel your magical essence link to the dungeon's wands.
The jackal bites you but does no damage.
The goblin hits you with a +0 club.
You die...

#.....! #.....# #####
#.....# ..... #.....#
##### ##.....####
#gggg...... #gghg......
#ghggg.....
################@gggg.....
.†...†.........g##########
#.#############.# ..# #.#
#.# #.# ### #.# #+#


You could see Robin, 4 gnolls, 2 jackals, 3 hobgoblins and 8 goblins.

Vanquished Creatures
  4 adders (D:2)
  A dart slug (D:2)
  6 ball pythons
  4 endoplasms
  A giant cockroach (D:2)
  7 goblins
  6 hobgoblins
  6 jackals
  2 kobolds
  4 quokkas
  2 frilled lizards (D:1)
  7 rats
50 creatures vanquished.

Vanquished Creatures (others)
  64 foxfires
64 creatures vanquished.

Grand Total: 114 creatures vanquished

Notes
Turn   | Place    | Note
-------+----------+-------------------------------------------
     0 | D:1      | Smoke131 the Draconian Fire Elementalist began the quest
                  | for the Orb.
     0 | D:1      | Reached XP level 1. HP: 14/14 MP: 3/3
   204 | D:1      | Reached XP level 2. HP: 22/22 MP: 1/5
   637 | D:1      | Learned a level 2 spell: Scorch
   870 | D:2      | Reached skill level 1 in Fighting
   870 | D:2      | Reached XP level 3. HP: 20/28 MP: 1/6
  1699 | D:2      | Reached XP level 4. HP: 35/35 MP: 3/7
  2243 | D:3      | Learned a level 3 spell: Conjure Flame
  2493 | D:3      | Found a faded altar of an unknown god.
  2766 | D:3      | Noticed Robin
  2781 | D:3      | Gained mutation: You expend magic power (3 MP) to
                  | strengthen your wands. [potion of mutation]
  2781 | D:3      | Slain by a goblin

Illustrated notes

Levels and vault maps discovered:
D:1:      tarquinn_simple_flora_water_c, layout_rooms
D:2:      minmay_wonky_spiral, layout_loops_corners,
          chequers_serial_rivers_large_a
D:3:      layout_basic, shapermc_ecumenical_altar_mp_highgroup,
          minmay_surrounded, uniq_robin

Skill      XL: |  1  2  3  4 |
---------------+-------------+-----
Dodging        | 2 |  2.5
Fighting       | 1 |  1.6
Conjurations   | 2 |  2.0
Stealth        | |  1.7
Spellcasting   | |  2.5
Fire Magic     | |  3.5

Action                   |  1- 3 |  4- 6 || total
-------------------------+-------+-------++-------
Melee: Unarmed           |     6 |       ||     6
       Dagger            |    47 |       ||    47
       Tailslap          |     9 |     5 ||    14
       Hand axe          |    29 |    27 ||    56
       Whip              |       |    38 ||    38
       Punch             |       |     2 ||     2
 Cast: Foxfire           |    33 |     3 ||    36
       Scorch            |     3 |       ||     3
  Use: Potion            |       |     3 ||     3
       Scroll            |       |     1 ||     1
 Stab: Sleeping          |     3 |       ||     3
Armor: Skin              |    25 |    30 ||    55
Dodge: Dodged            |    60 |    71 ||   131
